IL
COLORADO SPRINGS SKY SOX @ RENO ACES
05/13/2048
 
TOP OF THE 1ST
Colorado Springs Sky Sox batting - Pitching for Reno Aces : RHP Jeff Whaley
Pitching: RHP Jeff Whaley
Batting: LHB Steve Gilliam 0-0: Called Strike
0-1: Ball
1-1: Foul Ball, location: 2F
1-2: Ball
2-2: Fly out, F8 (Flyball, 8LXD, EV 85.0 MPH)
Batting: RHB Juan Figueroa 0-0: Ball
1-0: Ground out 4-3 (Groundball, 4, EV 98.1 MPH)
Batting: RHB Maurice Moore 0-0: Ball
1-0: Foul Ball, location: 2F
1-1: Ball
2-1: Ball
3-1: Called Strike
3-2: Fly out, F8 (Flyball, 8LXD, EV 104.4 MPH)
Top of the 1st over - 0 runs, 0 hits, 0 errors, 0 left on base; Colorado Springs 0 - Reno 0
BOTTOM OF THE 1ST
Reno Aces batting - Pitching for Colorado Springs Sky Sox : LHP Cooper Bate
Pitching: LHP Cooper Bate
Batting: RHB Dustin Clark 0-0: Ground out 5-3 (Groundball, 56, EV 88.8 MPH)
Batting: RHB Marlon Reda 0-0: Fly out, F7 (Flyball, 78M, EV 85.6 MPH)
Batting: RHB Cesar Chavez 0-0: Called Strike
0-1: Ball
1-1: Ball
2-1: Ground out 5-3 (Groundball, 5, EV 89.4 MPH)
Bottom of the 1st over - 0 runs, 0 hits, 0 errors, 0 left on base; Colorado Springs 0 - Reno 0
TOP OF THE 2ND
Colorado Springs Sky Sox batting - Pitching for Reno Aces : RHP Jeff Whaley
Batting: LHB Michael Krott 0-0: Ball
1-0: Ball
2-0: Ball
3-0: Called Strike
3-1: Base on Balls
Batting: RHB Mike McElroy 0-0: Called Strike
0-1: Ball
1-1: Foul Ball, location: 2F
1-2: DOUBLE (Line Drive, 5D, EV 106.2 MPH)
Michael Krott to third
Batting: RHB John Boyer 0-0: Swinging Strike
0-1: Ball
1-1: Foul Ball, location: 2F
1-2: Foul Ball, location: 2F
1-2: Ball
2-2: Ground out 5-3 (Groundball, 56, EV 88.1 MPH)
Michael Krott scores
Batting: SHB Jamie Mims 0-0: Foul Ball, location: 2F
0-1: Ball
1-1: Called Strike
1-2: Ground out 6-3 (Groundball, 6, EV 86.2 MPH)
Batting: RHB John Stevenson 0-0: Called Strike
0-1: Swinging Strike
0-2: Ground out 6-3 (Groundball, 6, EV 84.4 MPH)
Top of the 2nd over - 1 run, 1 hit, 0 errors, 1 left on base; Colorado Springs 1 - Reno 0
BOTTOM OF THE 2ND
Reno Aces batting - Pitching for Colorado Springs Sky Sox : LHP Cooper Bate
Batting: RHB Roberto Rodriguez 0-0: Ground out 6-3 (Groundball, 6, EV 90.0 MPH)
Batting: LHB Steve Reinhart 0-0: SINGLE (Groundball, 34D, EV 105.6 MPH)
Batting: RHB Edgar Garcia 0-0: Swinging Strike
0-1: Ball
1-1: Ball
2-1: Foul Ball, location: 2F
2-2: Strikes out swinging
Batting: RHB Dan Boylan 0-0: Called Strike
0-1: Ball
1-1: SINGLE (Groundball, 6MD, EV 106.2 MPH)
Steve Reinhart to second
Runner from 2nd tries for 3rd, OUT! 8-5
Bottom of the 2nd over - 0 runs, 2 hits, 0 errors, 1 left on base; Colorado Springs 1 - Reno 0
TOP OF THE 3RD
Colorado Springs Sky Sox batting - Pitching for Reno Aces : RHP Jeff Whaley
Batting: RHB Kevin McKasson 0-0: Foul Ball, location: 2F
0-1: Foul Ball, location: 2F
0-2: Ball
1-2: Ball
2-2: Fly out, F7 (Line Drive, 7, EV 86.2 MPH)
Batting: LHB Steve Gilliam 0-0: Called Strike
0-1: Swinging Strike
0-2: Ball
1-2: Strikes out looking
Batting: RHB Juan Figueroa 0-0: Ball
1-0: Foul Ball, location: 2F
1-1: Foul Ball, location: 2F
1-2: Ball
2-2: Strikes out swinging
Top of the 3rd over - 0 runs, 0 hits, 0 errors, 0 left on base; Colorado Springs 1 - Reno 0
BOTTOM OF THE 3RD
Reno Aces batting - Pitching for Colorado Springs Sky Sox : LHP Cooper Bate
Batting: LHB Kevin Ferguson 0-0: Ground out U3 (Groundball, 34, EV 79.4 MPH)
Batting: RHB Jose Sisneros 0-0: Called Strike
0-1: Called Strike
0-2: Strikes out looking
Batting: RHB Dustin Clark 0-0: Ball
1-0: Foul Ball, location: 2F
1-1: Ground out 6-3 (Groundball, 4M, EV 104.4 MPH)
Bottom of the 3rd over - 0 runs, 0 hits, 0 errors, 0 left on base; Colorado Springs 1 - Reno 0
TOP OF THE 4TH
Colorado Springs Sky Sox batting - Pitching for Reno Aces : RHP Jeff Whaley
Batting: RHB Maurice Moore 0-0: Ball
1-0: Ground out 5-3 (Groundball, 56S, EV 72.5 MPH)
Batting: LHB Michael Krott 0-0: Ball
1-0: DOUBLE (Line Drive, 9LS, EV 109.4 MPH)
Batting: RHB Mike McElroy 0-0: Called Strike
0-1: Called Strike
0-2: Foul Ball, location: 2F
0-2: Ball
1-2: Strikes out swinging
Batting: RHB John Boyer 0-0: Called Strike
0-1: Ground out 6-3 (Groundball, 56, EV 107.5 MPH)
Top of the 4th over - 0 runs, 1 hit, 0 errors, 1 left on base; Colorado Springs 1 - Reno 0
BOTTOM OF THE 4TH
Reno Aces batting - Pitching for Colorado Springs Sky Sox : LHP Cooper Bate
Batting: RHB Marlon Reda 0-0: Fly out, F8 (Flyball, 8LM, EV 90.6 MPH)
Batting: RHB Cesar Chavez 0-0: Ball
1-0: Ball
2-0: Swinging Strike
2-1: Ball
3-1: Ground out 4-3 (Groundball, 4M, EV 90.6 MPH)
Batting: RHB Roberto Rodriguez 0-0: DOUBLE (Line Drive, 8LXD, EV 104.4 MPH)
Batting: LHB Steve Reinhart 0-0: Ball
1-0: SINGLE (Groundball, 25, EV 72.5 MPH) (infield hit)
Roberto Rodriguez to third
Batting: RHB Edgar Garcia 0-0: Called Strike
0-1: Foul Ball, location: 2F
0-2: Ball
1-2: Fielders Choice at 2nd, 6-4 (Groundball, 6, EV 108.8 MPH)
Bottom of the 4th over - 0 runs, 2 hits, 0 errors, 2 left on base; Colorado Springs 1 - Reno 0
TOP OF THE 5TH
Colorado Springs Sky Sox batting - Pitching for Reno Aces : RHP Jeff Whaley
Batting: SHB Jamie Mims 0-0: Ground out 4-3 (Groundball, 4, EV 95.0 MPH)
Batting: RHB John Stevenson 0-0: Swinging Strike
0-1: Ball
1-1: Called Strike
1-2: Ball
2-2: Foul Ball, location: 2F
2-2: Ball
3-2: Foul Ball, location: 2F
3-2: Strikes out looking
Batting: RHB Kevin McKasson 0-0: Swinging Strike
0-1: Foul Ball, location: 2F
0-2: Ground out 5-3 (Groundball, 56S, EV 80.6 MPH)
Top of the 5th over - 0 runs, 0 hits, 0 errors, 0 left on base; Colorado Springs 1 - Reno 0
BOTTOM OF THE 5TH
Reno Aces batting - Pitching for Colorado Springs Sky Sox : LHP Cooper Bate
Batting: RHB Dan Boylan 0-0: Ball
1-0: Fly out, F6 (Line Drive, 6, EV 64.4 MPH)
Batting: LHB Kevin Ferguson 0-0: Ball
1-0: Ball
2-0: Ball
3-0: Called Strike
3-1: Base on Balls
Batting: RHB Jose Sisneros 0-0: Ground out 5-3 (Groundball, 5, EV 92.5 MPH)
Kevin Ferguson to second
Batting: RHB Dustin Clark 0-0: Foul Ball, location: 2F
0-1: Ball
1-1: Ball
2-1: Foul Ball, location: 2F
2-2: SINGLE (Groundball, 6S, EV 64.4 MPH) (infield hit)
Kevin Ferguson to third
Batting: RHB Marlon Reda 0-0: Foul Ball, location: 2F
0-1: Foul Ball, location: 2F
0-2: Ball
1-2: Fly out, F9 (Flyball, 9LM, EV 83.8 MPH)
Bottom of the 5th over - 0 runs, 1 hit, 0 errors, 2 left on base; Colorado Springs 1 - Reno 0
TOP OF THE 6TH
Colorado Springs Sky Sox batting - Pitching for Reno Aces : RHP Jeff Whaley
Batting: LHB Steve Gilliam 0-0: Foul Ball, location: 2F
0-1: Ball
1-1: Swinging Strike
1-2: Ball
2-2: Ball
3-2: Ground out 6-3 (Groundball, 6MD, EV 103.1 MPH)
Batting: RHB Juan Figueroa 0-0: Ball
1-0: Ball
2-0: Called Strike
2-1: Ball
3-1: Swinging Strike
3-2: Foul Ball, location: 2F
3-2: Base on Balls
Pitching: RHP Adam Maida
Batting: RHB Maurice Moore 0-0: Ground out 4-3 (Groundball, 34, EV 111.2 MPH)
Juan Figueroa to second
Pitching: RHP Jose Fernandez
Batting: LHB Michael Krott 0-0: Foul Ball, location: 2F
0-1: Swinging Strike
0-2: Ball
1-2: Strikes out swinging
Top of the 6th over - 0 runs, 0 hits, 0 errors, 1 left on base; Colorado Springs 1 - Reno 0
BOTTOM OF THE 6TH
Reno Aces batting - Pitching for Colorado Springs Sky Sox : LHP Cooper Bate
Batting: RHB Cesar Chavez 0-0: Ball
1-0: Ball
2-0: SINGLE (Flyball, 8LS, EV 96.2 MPH)
Batting: RHB Roberto Rodriguez 0-0: Swinging Strike
0-1: Fielders Choice at 2nd, 5-4 (Groundball, 56, EV 83.8 MPH)
Batting: LHB Steve Reinhart 0-0: Ball
1-0: Ball
2-0: Ball
3-0: Called Strike
3-1: Fly out, F8 (Flyball, 8LM, EV 86.9 MPH)
Batting: RHB Edgar Garcia 0-0: Ball
Roberto Rodriguez is caught stealing 2nd base 2-4
Bottom of the 6th over - 0 runs, 1 hit, 0 errors, 0 left on base; Colorado Springs 1 - Reno 0
TOP OF THE 7TH
Colorado Springs Sky Sox batting - Pitching for Reno Aces : RHP Jose Fernandez
Batting: RHB Mike McElroy 0-0: Called Strike
0-1: Ball
1-1: DOUBLE (Line Drive, 7LS, EV 101.2 MPH)
Batting: RHB John Boyer 0-0: Ball
1-0: Called Strike
1-1: Ground out 6-3 (Groundball, 6, EV 90.6 MPH)
Batting: SHB Jamie Mims 0-0: Intentional Walk
Batting: RHB John Stevenson 0-0: Called Strike
0-1: DOUBLE (Flyball, 89D, EV 99.4 MPH)
Mike McElroy scores
Jamie Mims to third
Batting: RHB Kevin McKasson 0-0: Called Strike
0-1: Foul Ball, location: 2F
0-2: Strikes out swinging
Batting: LHB Steve Gilliam 0-0: Ball
1-0: Ball
2-0: Ball
3-0: Called Strike
3-1: Base on Balls
Batting: RHB Juan Figueroa 0-0: Ball
1-0: Ball
2-0: SINGLE (Line Drive, 4M, EV 103.1 MPH)
Jamie Mims scores
John Stevenson to third
Steve Gilliam to second
Batting: RHB Maurice Moore 0-0: Ball
1-0: Ball
2-0: Called Strike
2-1: Ball
3-1: Foul Ball, location: 2F
3-2: Foul Ball, location: 2F
3-2: Fly out, F9 (Line Drive, 9D, EV 93.1 MPH)
Top of the 7th over - 2 runs, 3 hits, 0 errors, 3 left on base; Colorado Springs 3 - Reno 0
BOTTOM OF THE 7TH
Reno Aces batting - Pitching for Colorado Springs Sky Sox : LHP Cooper Bate
Batting: RHB Edgar Garcia 0-0: Ball
1-0: Ball
2-0: Ball
3-0: Called Strike
3-1: Base on Balls
Batting: RHB Dan Boylan 0-0: Called Strike
0-1: Ball
1-1: Ball
2-1: Foul Ball, location: 2F
2-2: Foul Ball, location: 2F
2-2: Fly out, F4 (Popup, 34, EV 63.1 MPH)
Batting: LHB Kevin Ferguson 0-0: Called Strike
0-1: Ball
1-1: Foul Ball, location: 2F
1-2: Foul Ball, location: 2F
1-2: Ball
2-2: DOUBLE (Groundball, 5L, EV 104.4 MPH)
Edgar Garcia to third
Batting: RHB Jose Sisneros 0-0: SINGLE (Line Drive, 56, EV 101.9 MPH)
Edgar Garcia scores
Kevin Ferguson to third
Batting: RHB Dustin Clark 0-0: Swinging Strike
0-1: Ball
1-1: Ball
2-1: Called Strike
2-2: SINGLE (Groundball, 56, EV 107.5 MPH)
Kevin Ferguson scores
Jose Sisneros to second
Batting: RHB Marlon Reda 0-0: Called Strike
0-1: Foul Ball, location: 2F
0-2: Strikes out looking
Batting: RHB Cesar Chavez 0-0: Ground out 4-3 (Groundball, 4D, EV 105.6 MPH)
Bottom of the 7th over - 2 runs, 3 hits, 0 errors, 2 left on base; Colorado Springs 3 - Reno 2
TOP OF THE 8TH
Colorado Springs Sky Sox batting - Pitching for Reno Aces : RHP Jose Fernandez
Pitching: LHP Tristan Morrow
Batting: LHB Michael Krott 0-0: Called Strike
0-1: Ball
1-1: Ball
2-1: Ground out 4-3 (Groundball, 13, EV 78.1 MPH)
Batting: RHB Mike McElroy 0-0: Ball
1-0: Ball
2-0: Ball
3-0: Base on Balls
Batting: RHB John Boyer 0-0: Foul Ball, location: 2F
0-1: Foul Ball, location: 2F
0-2: Ball
1-2: Ball
2-2: Foul Ball, location: 2F
2-2: Strikes out looking
Batting: SHB Jamie Mims 0-0: Called Strike
Mike McElroy is caught stealing 2nd base 2-4
Top of the 8th over - 0 runs, 0 hits, 0 errors, 0 left on base; Colorado Springs 3 - Reno 2
BOTTOM OF THE 8TH
Reno Aces batting - Pitching for Colorado Springs Sky Sox : LHP Cooper Bate
Batting: RHB Roberto Rodriguez 0-0: Ball
1-0: Ball
2-0: SINGLE (Line Drive, 5D, EV 111.9 MPH)
Batting: LHB Steve Reinhart 0-0: Ball
1-0: Ball
2-0: SINGLE (Flyball, 6D, EV 91.9 MPH)
Roberto Rodriguez to second
Batting: RHB Edgar Garcia 0-0: Ball
1-0: Ball
2-0: Ball
3-0: Base on Balls
Roberto Rodriguez to third
Steve Reinhart to second
Pitching: LHP Bill Ogren
Batting: RHB Dan Boylan 0-0: Called Strike
0-1: Called Strike
0-2: Strikes out swinging
Pinch Hitting: RHB Justin McQuarter 0-0: Swinging Strike
0-1: Grounds into fielders choice 4-2 (Groundball, 4, EV 109.4 MPH)
Steve Reinhart to third
Edgar Garcia to second
Batting: RHB Jose Sisneros 0-0: Ball
1-0: SINGLE (Line Drive, 78S, EV 101.9 MPH)
Steve Reinhart scores
Edgar Garcia to third
Justin McQuarter to second
Runner from 3rd tries for Home, SAFE, throw by LF to home
Pinch Runner at 2nd Carlos Rodriguez:
Batting: RHB Dustin Clark 0-0: Called Strike
0-1: Swinging Strike
0-2: Fielders Choice at 2nd, 6-4 (Groundball, 56, EV 80.6 MPH)
Bottom of the 8th over - 2 runs, 3 hits, 0 errors, 2 left on base; Colorado Springs 3 - Reno 4
TOP OF THE 9TH
Colorado Springs Sky Sox batting - Pitching for Reno Aces : LHP Tristan Morrow
Pitching: RHP Adam Silbert
Now in LF: Roberto Rodriguez
Now in CF: Carlos Rodriguez
Batting: SHB Jamie Mims 0-0: Ball
1-0: Ball
2-0: Ball
3-0: Base on Balls
Pinch Hitting: SHB Bobby Santor 0-0: Bunt missed!
0-1: Sac Bunt to 23 - play at first, batter OUT! 3-4
Jamie Mims to second
Pinch Hitting: LHB Luke Coulter 0-0: Called Strike
0-1: Fly out, F2 (Popup, 23F, EV 81.9 MPH)
Batting: LHB Steve Gilliam 0-0: Ball
1-0: Called Strike
1-1: Ball
2-1: Ball
3-1: Base on Balls
Batting: LHB Greg Valenzuela 0-0: Called Strike
0-1: Ball
1-1: Foul Ball, location: 2F
1-2: Strikes out swinging
Top of the 9th over - 0 runs, 0 hits, 0 errors, 2 left on base; Colorado Springs 3 - Reno 4
Tuesday, March 28th , 2023 - OOTP Baseball 23.10 Build 110